 Dungeon Crawl Stone Soup version 0.29.1-15-g9cfb28693d (webtiles) character file.

Game seed: 15816565235342774139

67692 KamiKatze the Eclecticist (level 14, -13/79 HPs)
             Began as a Deep Elf Conjurer on Apr 12, 2023.
             Was a High Priest of Vehumet.
             Killed from afar by Jorgrun (29 damage)
             ... with an iron shot
             ... while petrified by Jorgrun
             ... on level 12 of the Dungeon.
             The game lasted 01:44:04 (24508 turns).

KamiKatze the Eclecticist (Deep Elf Conjurer)      Turns: 24508, Time: 01:44:05

Health: -13/79     AC:  8    Str:  6    XL:     14   Next: 83%
Magic:  0/36       EV:  2    Int: 29    God:    Vehumet [*****.]
Gold:   1220       SH:  0    Dex: 23    Spells: 9/45 levels left

rFire   + + .      SeeInvis +   i - +8 whip "Snakebite" {venom, curare, rPois}
rCold   . . .      Faith    .   H - +2 buckler
rNeg    + + +      Spirit   +   L - +2 robe of Greed {rElec Str-4 SInv}
rPois   ∞          Reflect  .   (no helmet)
rElec   +          Harm     .   S - +0 cloak
rCorr   +          Rampage  .   X - +2 pair of gloves
Will    +....                   (no boots)
Stlth   ++++......              E - amulet of Gocose {Spirit rF++ Dex+4}
HPRegen 0.23/turn               G - +6 ring of dexterity
MPRegen 0.25/turn               y - ring "Oqaps" {+Blink rCorr Str+6 Slay+6 Stlth-}

@: petrified
A: no striking features
a: Renounce Religion, Evoke Blink


You were on level 12 of the Dungeon.
You worshipped Vehumet.
Vehumet was extremely pleased with you.
You visited 4 branches of the dungeon, and saw 20 of its levels.
You also visited: Gauntlet.

You collected 1581 gold pieces.
You spent 361 gold pieces at shops.

Inventory:

Hand Weapons
 i - the +8 whip "Snakebite" (weapon) {venom, curare, rPois}
   (You found it in a Gauntlet)

   It poisons the flesh of those it strikes.
   It occasionally inflicts asphyxiating poison on those it strikes, dealing
   poison damage and causing slowness.
   rPois:     It protects you from poison.
 r - a +2 dagger of draining
Missiles
 m - 58 poisoned darts
 v - 4 curare-tipped darts
 N - 2 throwing nets
Armour
 H - a +2 buckler (worn)
 L - the +2 robe of Greed (worn) {rElec Str-4 SInv}
   (You found it on level 9 of the Dungeon)

   Str:       It affects your strength (-4).
   rElec:     It insulates you from electricity.
   SInv:      It lets you see invisible.
 S - a +0 cloak (worn)
 X - a +2 pair of gloves (worn)
Magical Staves
 f - a staff of fire
 O - a staff of conjuration
 Q - a staff of cold
Jewellery
 a - a ring of protection from fire
 y - the ring "Oqaps" (right hand) {+Blink rCorr Str+6 Slay+6 Stlth-}
   (You bought it in a shop on level 3 of the Dungeon)

   [ring of strength]

   Str:       It affects your strength (+6).
   Slay:      It affects your accuracy & damage with ranged weapons and melee
   (+6).
   +Blink:    It lets you blink.
   rCorr:     It protects you from acid and corrosion.
   Stlth:     It makes you less stealthy.
 C - the ring of the Griffon {*Corrode Fly Will+++ Dex-3 SInv}
   (You found it in a Gauntlet)

   [ring of flight]

   Dex:       It affects your dexterity (-3).
   SInv:      It lets you see invisible.
   Fly:       It grants you flight.
   *Corrode:  It may corrode you when you take damage.
   Will:      It greatly increases your willpower.
 E - the amulet of Gocose (around neck) {Spirit rF++ Dex+4}
   (You found it on level 7 of the Dungeon)

   [amulet of guardian spirit]

   It causes incoming damage to be divided between your reserves of health and
   magic.
   Dex:       It affects your dexterity (+4).
   rF:        It greatly protects you from fire.
 G - a +6 ring of dexterity (left hand)
 R - a ring of protection from cold
Wands
 s - a wand of charming (29)
 u - a wand of digging (2)
 B - a wand of polymorph (15)
 F - a wand of flame (54)
 K - a wand of light (13)
 Z - a wand of roots (5)
Scrolls
 d - 6 scrolls of teleportation
 k - 3 scrolls of poison
 A - a scroll of silence
 T - 2 scrolls of fear
 W - 2 scrolls of identify
Potions
 j - 3 potions of lignification
 l - 5 potions of haste
 n - 4 potions of flight
 o - 12 potions of curing
 q - a potion of magic
 t - 6 potions of might
 w - 2 potions of berserk rage
 x - 2 potions of brilliance
 z - 2 potions of cancellation
 J - 8 potions of heal wounds
 M - 2 potions of attraction
 Y - a potion of resistance
Miscellaneous
 p - a phantom mirror
 I - a condenser vane
 V - a tin of tremorstones (2/2)


   Skills:
 + Level 5.8 Fighting
 - Level 2.0 Throwing
 - Level 6.0 Dodging
 - Level 9.0 Stealth
 - Level 4.0 Shields
 * Level 16.4 Spellcasting
 * Level 14.4 Conjurations
 - Level 10.0 Hexes
 - Level 10.0 Translocations
 - Level 3.0 Ice Magic
 * Level 4.3 Air Magic
 * Level 10.6 Earth Magic
 - Level 2.0 Evocations


You had 9 spell levels left.
You knew the following spells:

 Your Spells              Type           Power      Damage    Failure   Level
a - Magic Dart            Conj           100%       1d8       0%          1
b - Searing Ray           Conj           100%       2d8       0%          2
c - Fulminant Prism       Conj/Hex       38%        3d18      1%          4
d - Iskenderun's Mystic   Conj/Tloc      76%        2d15      1%          4
e - Iron Shot             Conj/Erth      38%        9d8       1%          6
f - Lee's Rapid Deconstr  Erth           35%        3d19*     1%          5
g - Freezing Cloud        Conj/Ice/Air   30%        6-21      1%          5
m - Mephitic Cloud        Conj/Pois/Air  56%        N/A       1%          3
L - Conjure Ball Lightni  Conj/Air       33%        3x3d11    2%          6

Your spell library contained the following spells:

 Spells                   Type           Power      Damage    Failure   Level
 Blink                    Tloc           100%       N/A       1%          2
 Passwall                 Tmut/Erth      44%        N/A       1%          2
 Dazzling Flash           Conj/Hex       100%       N/A       1%          3
 Inner Flame              Hex/Fire       52%        N/A       1%          3
 Lesser Beckoning         Tloc           69%        N/A       1%          3
 Stone Arrow              Conj/Erth      100%       3d13      1%          3
 Cause Fear               Hex            34%        N/A       1%          4
 Manifold Assault         Tloc           69%        N/A       1%          5
 Ozocubu's Armour         Ice            41%        N/A       2%          3
 Animate Armour           Summ/Erth      100%       N/A       2%          4
 Starburst                Conj/Fire      30%        6d9       5%          6
 Dispersal                Tloc           34%        N/A       6%          6
 Summon Forest            Summ/Tloc      26%        N/A       9%          5
 Lehudib's Crystal Spear  Conj/Erth      38%        10d10     24%         8
 Blade Hands              Tmut           11%        N/A       56%         5
 Eringya's Noxious Bog    Tmut/Pois      11%        N/A       65%         6
 Ozocubu's Refrigeration  Ice            20%        4d12      80%         7
 Discord                  Hex            34%        N/A       95%         8
 Disjunction              Tloc           34%        N/A       95%         8
 Summon Hydra             Summ           11%        N/A       100%        7
 Ignition                 Fire           11%        3d5       100%        8


Dungeon Overview and Level Annotations

Branches:
Dungeon (13/15)            Temple (1/1) D:7            Lair (5/5) D:10
 Shoals (0/4) Lair:3        Snake (0/4) Lair:2        Slime (0/5) Lair:5
    Orc (1/2) D:12        Gauntlet (visited)
 Vaults: D:13-14

Altars:
Ashenzari
Cheibriados
Dithmenos
Elyvilon
Fedhas
Gozag
Hepliaklqana
Kikubaaqudgha
Makhleb
Nemelex Xobeh
Okawaru
Qazlal
Ru
Sif Muna
Trog
Uskayaw
Vehumet
Wu Jian
Xom
Yredelemnul
Zin
The Shining One
Jiyva

Shops:
D:3 *

Annotations:
D:12 Jorgrun
Lair:4 1 runed translucent door, exclusion: door


Message History

You turn to flesh and can move again.
Casting: Iron Shot (dangerous; 1% risk of failure)
Confirm with . or Enter, or press ? or * to list all spells.
Aiming: Iron Shot (dangerous; 1% risk of failure)
Press: ? - help, Shift-Dir - straight line, f/p - Jorgrun
Aim: Jorgrun, wielding a +0 vorpal quarterstaff and wearing a +2 robe of resistance (severely wounded, 60% to hit)
The iron shot misses Jorgrun.
Jorgrun says, "Yer just na down-ta-earth enough."
Jorgrun casts a spell next to you.
The wall shatters!
The blast of rock fragments hits you!!
* * * LOW HITPOINT WARNING * * *
Casting: Iron Shot (dangerous; 1% risk of failure)
Confirm with . or Enter, or press ? or * to list all spells.
You don't have enough magic to cast this spell.
Unknown command.
Unknown command.
Casting: Iron Shot (dangerous; 1% risk of failure)
Confirm with . or Enter, or press ? or * to list all spells.
You don't have enough magic to cast this spell.
Unknown command.
You feel much better. Jorgrun casts a spell next to you.
The wall shatters!
The blast of rock fragments hits you!!
* * * LOW HITPOINT WARNING * * *
You feel much better. Jorgrun casts a spell at you.
You are slowing down.
Jorgrun casts a spell at you.
Roots burst forth from the earth!
The grasping roots grab you! The grasping roots constrict you!!
* * * LOW HITPOINT WARNING * * *
Your limbs are stiffening.
The roots lose their grip on you.
You climb upwards.
Welcome back to the Dungeon!
You have turned to stone.
Jorgrun hits you with a +0 vorpal quarterstaff.
* * * LOW HITPOINT WARNING * * *
Jorgrun casts a spell at you. The iron shot hits you!!!
You die...

...##....####.....##.............
.).##....####..#####.[........###
...##...>.........)..............
#)###....####..####...#.###.#.##.
...[..........................##.
#.###....#.##..####......##.#.##.
#.###.####.##..# #.......#......
#..[..###################.#.#.##.
#........#.....g@......#.........
#.....####.............#.........
#.....# #...⌠.._..⌠...#.........
#.....####.............#[[...(...
.........#......8......#.##......
#####.#####8'8#####8'8##)##......
......[....())............##.....
.~.~..[~.~.~.~.~.....~...~###)#..
.....[...[[...............).)....


You could see Jorgrun.

Vanquished Creatures
  A minotaur (Gauntlet)
  Snorg (D:11)
  A vault guard (D:13)
  8 hydras
  A boulder beetle (D:13)
  2 catoblepae
  6 two-headed ogres
  3 deep elf knights (D:12)
  3 skeletal warriors (D:12)
  2 glowing orange brains (Gauntlet)
  A deep elf archer (D:12)
  Pikel (D:7)
  2 wolf spiders (Lair:5)
  8 deep elf pyromancers (D:12)
  3 necromancers
  6 deep elf zephyrmancers (D:12)
  2 manticores
  4 ugly things
  15 elephants
  8 black mambas
  A torpor snail (Lair:4)
  A guardian serpent (Lair:5)
  A gargoyle (D:13)
  20 cane toads
  A rime drake (Lair:4)
  10 komodo dragons
  A kobold demonologist (D:12)
  3 polar bears
  2 trolls (D:11)
  4 hornets
  6 slime creatures
  7 dream sheep (Lair:5)
  2 water elementals (D:12)
  2 vampires (D:11)
  A basilisk (shapeshifter) (D:13)
  3 wraiths
  22 wyverns
  7 humans (D:13)
  23 yaks
  4 basilisks
  4 redbacks (Lair:5)
  A vampire mosquito (D:11)
  2 acid dragons
  15 water moccasins
  A sky beast (D:7)
  9 orc warriors
  3 ice beasts
  3 black bears
  9 wolves
  3 ogres
  A centaur (D:6)
  A phantom (D:6)
  3 lemures (D:7)
  5 kobold brigands
  11 bullfrogs
  A gnoll sergeant (D:8)
  2 scorpions
  A necrophage (D:5)
  10 wights
  11 killer bees
  3 electric eels
  5 howler monkeys
  17 orc priests
  4 jellies
  3 gnoll boudas
  4 hounds
  Terence (D:3)
  2 iguanas (D:4)
  18 orc wizards
  A statue (D:5)
  Robin (D:2)
  16 gnolls
  5 adders
  A worm (D:4)
  A dart slug (D:4)
  60 orcs
  8 endoplasms
  2 giant cockroaches
  23 goblins
  9 hobgoblins
  9 jackals
  39 kobolds
  2 quokkas (D:3)
  6 ball pythons
  5 bats
  5 frilled lizards
  22 rats
567 creatures vanquished.

Vanquished Creatures (others)
  13 ball lightnings
  209 fulminant prisms
  35 fungi
  65 plants
322 creatures vanquished.

Grand Total: 889 creatures vanquished

Notes
Turn   | Place    | Note
-------+----------+-------------------------------------------
     0 | D:1      | KamiKatze the Deep Elf Conjurer began the quest for the
                  | Orb.
     0 | D:1      | Reached XP level 1. HP: 10/10 MP: 6/6
   121 | D:1      | Reached XP level 2. HP: 3/15 MP: 1/8
   413 | D:1      | Learned a level 2 spell: Searing Ray
   648 | D:1      | Reached skill level 1 in Hexes
   841 | D:2      | Reached XP level 3. HP: 19/19 MP: 9/9
   926 | D:2      | Noticed Robin
  1005 | D:2      | Killed Robin
  1006 | D:2      | Reached skill level 1 in Translocations
  1007 | D:2      | Reached skill level 1 in Throwing
  1200 | D:2      | Found a faded altar of an unknown god.
  1318 | D:2      | Reached skill level 1 in Evocations
  1318 | D:2      | Reached XP level 4. HP: 15/24 MP: 4/11
  1450 | D:2      | Learned a level 4 spell: Fulminant Prism
  1485 | D:2      | Reached XP level 5. HP: 28/28 MP: 3/12
  1767 | D:3      | Found a white marble altar of Elyvilon.
  1806 | D:3      | Found Doanim's Assorted Antiques.
  1855 | D:3      | Bought a cyan potion for 23 gold pieces
  1886 | D:3      | Bought a scroll labelled JIEHOXTAST for 26 gold pieces
  1886 | D:3      | Bought a scroll labelled GILOLU ZISKE for 26 gold pieces
  1886 | D:3      | Bought a scroll labelled EGONKUOMPA for 26 gold pieces
  1931 | D:3      | Reached skill level 4 in Spellcasting
  1974 | D:3      | Learned a level 4 spell: Iskenderun's Mystic Blast
  2007 | D:3      | Reached skill level 5 in Conjurations
  2091 | D:3      | Reached XP level 6. HP: 32/32 MP: 4/14
  2295 | D:3      | Noticed Terence
  2302 | D:3      | Killed Terence
  2348 | D:3      | Found a burning altar of Makhleb.
  2964 | D:4      | Reached skill level 5 in Spellcasting
  3155 | D:4      | Reached XP level 7. HP: 36/36 MP: 9/16
  3908 | D:4      | Found a hazy altar of Hepliaklqana.
  4084 | D:5      | Entered Level 5 of the Dungeon
  4323 | D:3      | Bought a faintly glowing bronze ring for 130 gold pieces
  4323 | D:3      | Identified the ring "Oqaps" {+Blink rCorr Str+6 Slay+6
                  | Stlth-} (You bought it in a shop on level 3 of the Dungeon)
  4449 | D:5      | Reached skill level 6 in Spellcasting
  4449 | D:5      | Reached skill level 5 in Hexes
  4461 | D:5      | Reached XP level 8. HP: 25/41 MP: 3/19
  4599 | D:5      | Found a radiant altar of Vehumet.
  4614 | D:5      | Became a worshipper of Vehumet
  5147 | D:6      | Reached skill level 5 in Translocations
  5150 | D:6      | Reached skill level 7 in Spellcasting
  5579 | D:6      | Found a basalt altar of Yredelemnul.
  5691 | D:6      | Found a glowing golden altar of the Shining One.
  5691 | D:6      | Found an iron altar of Okawaru.
  5970 | D:7      | Reached XP level 9. HP: 45/45 MP: 13/22
  6058 | D:7      | Reached skill level 8 in Spellcasting
  6153 | D:7      | Reached * piety under Vehumet
  6153 | D:7      | Offered knowledge of Foxfire by Vehumet.
  6224 | D:7      | Noticed a manticore
  6245 | D:7      | Killed a manticore
  6685 | D:7      | Found a staircase to the Ecumenical Temple.
  6691 | Temple   | Entered the Ecumenical Temple
  7000 | D:7      | Identified the amulet of Gocose {Spirit rF++ Dex+4}
  7130 | D:7      | Noticed Pikel
  7136 | D:7      | Killed Pikel
  7137 | D:7      | Reached skill level 9 in Spellcasting
  7154 | D:7      | Found a stormy altar of Qazlal.
  7365 | D:3      | Bought a peridot ring for 130 gold pieces
  7772 | D:8      | Reached XP level 10. HP: 50/50 MP: 13/25
  7812 | D:8      | Offered knowledge of Poisonous Vapours by Vehumet.
  7817 | D:8      | Reached ** piety under Vehumet
  8637 | D:9      | Reached skill level 1 in Shields
  8739 | D:9      | Reached skill level 10 in Spellcasting
  8941 | D:9      | Noticed a two-headed ogre
  8947 | D:9      | Killed a two-headed ogre
  9048 | D:9      | Reached skill level 10 in Hexes
  9061 | D:9      | Identified the +2 robe of Greed {rElec Str-4 SInv}
  9199 | D:9      | Offered knowledge of Conjure Flame by Vehumet.
  9566 | D:10     | Entered Level 10 of the Dungeon
  9677 | D:10     | Found a staircase to the Lair.
  9680 | D:10     | Reached *** piety under Vehumet
  9752 | D:10     | Noticed an elephant
 10040 | D:10     | Noticed a two-headed ogre
 10052 | D:10     | Killed a two-headed ogre
 10053 | D:10     | Reached skill level 1 in Fighting
 10053 | D:10     | Reached skill level 10 in Conjurations
 10053 | D:10     | Reached XP level 11. HP: 56/56 MP: 13/27
 10055 | D:10     | Noticed a two-headed ogre
 10200 | D:10     | Learned a level 6 spell: Iron Shot
 10253 | D:10     | Reached skill level 11 in Spellcasting
 10492 | D:10     | Killed a two-headed ogre
 10493 | D:10     | Reached skill level 1 in Earth Magic
 10615 | D:10     | Offered knowledge of Mephitic Cloud by Vehumet.
 10621 | D:10     | Learned a level 3 spell: Mephitic Cloud
 11035 | D:11     | Noticed Snorg
 11181 | D:11     | Noticed a two-headed ogre
 11221 | D:11     | Killed a two-headed ogre
 11840 | D:11     | Noticed a purple ugly thing
 11854 | D:11     | Killed a purple ugly thing
 12080 | D:11     | Killed Snorg
 12332 | D:11     | Noticed a white ugly thing
 12344 | D:11     | Killed a white ugly thing
 12523 | D:12     | Noticed a two-headed ogre
 12526 | D:12     | Killed a two-headed ogre
 12528 | D:12     | Noticed a two-headed ogre
 12529 | D:12     | Reached **** piety under Vehumet
 12530 | D:12     | Reached skill level 5 in Stealth
 12530 | D:12     | Offered knowledge of Freezing Cloud by Vehumet.
 12536 | D:12     | Killed a two-headed ogre
 12537 | D:12     | Reached skill level 5 in Dodging
 12537 | D:12     | Reached skill level 12 in Spellcasting
 12538 | D:12     | Noticed a skeletal warrior
 12540 | D:12     | Noticed a skeletal warrior
 12543 | D:12     | Learned a level 5 spell: Freezing Cloud
 12739 | D:12     | Noticed a red ugly thing
 12750 | D:12     | Killed a red ugly thing
 12764 | D:12     | Noticed a deep elf pyromancer
 12767 | D:12     | Killed a deep elf pyromancer
 12769 | D:12     | Noticed a skeletal warrior
 12772 | D:12     | Killed a skeletal warrior
 12773 | D:12     | Reached XP level 12. HP: 64/64 MP: 4/30
 13433 | D:12     | Reached skill level 5 in Earth Magic
 14246 | D:12     | Found a staircase to the Orcish Mines.
 14329 | D:12     | You fall into a shaft and drop 1 floor!
 14334 | D:13     | Found a gate leading to a gauntlet.
 14338 | Gauntlet | Entered a Gauntlet
 14338 | Gauntlet | Found a transporter.
 14338 | Gauntlet | Found a transporter.
 14339 | Gauntlet | Found a transporter.
 14341 | Gauntlet | Found a large runed translucent door.
 14342 | Gauntlet | Found a large runed translucent door.
 14342 | Gauntlet | Found a transporter.
 14342 | Gauntlet | Found a transporter.
 14343 | Gauntlet | Found a large runed translucent door.
 14343 | Gauntlet | Found a large runed translucent door.
 14343 | Gauntlet | Found a runed translucent door.
 14343 | Gauntlet | Found a transporter.
 14343 | Gauntlet | Found a runed translucent door.
 14344 | Gauntlet | Found a large runed translucent door.
 14345 | Gauntlet | Found a large runed translucent door.
 14345 | Gauntlet | Found a large runed translucent door.
 14345 | Gauntlet | Found a large runed translucent door.
 14345 | Gauntlet | Found a large runed translucent door.
 14345 | Gauntlet | Found a large runed translucent door.
 14346 | Gauntlet | Found a large runed translucent door.
 14347 | Gauntlet | Found a large runed translucent door.
 14349 | Gauntlet | Found a large runed translucent door.
 14349 | Gauntlet | Found a large runed translucent door.
 14349 | Gauntlet | Found a large runed translucent door.
 14349 | Gauntlet | Found a large runed translucent door.
 14353 | Gauntlet | Found a runed translucent gate.
 14353 | Gauntlet | Found a runed translucent gate.
 14353 | Gauntlet | Found a runed translucent gate.
 14355 | Gauntlet | Found a transporter.
 14357 | Gauntlet | Found a transporter.
 14358 | Gauntlet | Found the +8 whip "Snakebite" {venom, curare, rPois}
 14367 | Gauntlet | Found a transporter.
 14369 | Gauntlet | Found a transporter.
 14383 | Gauntlet | Found a transporter.
 14385 | Gauntlet | Found a transporter.
 14672 | Gauntlet | Reached skill level 13 in Spellcasting
 14918 | Gauntlet | Identified the ring of the Griffon {*Corrode Fly Will+++
                  | Dex-3 SInv}
 14986 | Gauntlet | Noticed a minotaur
 14992 | Gauntlet | Killed a minotaur
 15098 | Gauntlet | Identified the +1 scale mail of Samuxkab {rC+ Int+4}
 15102 | Gauntlet | Got the Papyrus of Transformed Heat
 15109 | D:13     | Noticed a boulder beetle
 15142 | D:13     | Noticed a four-headed hydra
 15147 | D:13     | Killed a four-headed hydra
 15148 | D:13     | Reached skill level 10 in Translocations
 15209 | D:13     | Noticed a five-headed hydra
 15230 | D:13     | Killed a five-headed hydra
 15445 | D:13     | Noticed a vault guard
 15516 | D:13     | Reached XP level 13. HP: 40/70 MP: 15/32
 16485 | D:12     | Reached skill level 14 in Spellcasting
 16552 | D:12     | Reached ***** piety under Vehumet
 16583 | D:12     | Offered knowledge of Lightning Bolt by Vehumet.
 17445 | Lair:1   | Entered Level 1 of the Lair of Beasts
 18805 | Lair:2   | Found a staircase to the Snake Pit.
 18815 | Lair:2   | Identified the +5 chain mail of the Lich-sworn {Dex+2}
 19018 | Lair:2   | Reached skill level 15 in Spellcasting
 19626 | Lair:3   | Found a staircase to the Shoals.
 19849 | Lair:3   | Offered knowledge of Lee's Rapid Deconstruction by Vehumet.
 19850 | Lair:3   | Reached skill level 5 in Fighting
 19850 | Lair:3   | Reached XP level 14. HP: 67/78 MP: 25/35
 19860 | Lair:3   | Learned a level 5 spell: Lee's Rapid Deconstruction
 20829 | Lair:4   | Reached skill level 1 in Ice Magic
 20829 | Lair:4   | Reached skill level 1 in Air Magic
 21101 | Lair:4   | Found a runed translucent door.
 21152 | Lair:4   | You fall into a shaft and drop 1 floor!
 21152 | Lair:5   | Entered Level 5 of the Lair of Beasts
 22259 | Lair:4   | Reached skill level 10 in Earth Magic
 22650 | Lair:5   | Reached skill level 16 in Spellcasting
 23227 | Lair:5   | Found a runed translucent door.
 23227 | Lair:5   | Found a viscous altar of Jiyva.
 23230 | Lair:5   | Found a staircase to the Slime Pits.
 23824 | Lair:5   | Offered knowledge of Conjure Ball Lightning by Vehumet.
 23853 | Lair:4   | Learned a level 6 spell: Conjure Ball Lightning
 24311 | Orc:1    | Entered Level 1 of the Orcish Mines
 24319 | Orc:1    | Noticed Jorgrun
 24503 | Orc:1    | HP: 3/79 [Jorgrun/blast of rock fragments (30)]
 24508 | D:12     | Killed from afar by Jorgrun

Illustrated notes

Levels and vault maps discovered:
D:1:      mrwooster_arrival_statue, layout_rooms
D:2:      layout_rooms, basic_ecumenical_altar, uniq_robin
D:3:      cheibrodos_greedy_goblins, layout_rooms, lemuel_crystal_altar,
          elyvilon_altar_4, serial_shops, shop, minmay_rat_hole, uniq_terence
D:4:      layout_basic, worldfamousw_hep_ancestral_shrine,
          serial_co_window_serial, co_window_paths_a, co_window_corner_a,
          co_window_of_opportunity_a, co_window_corner_a, co_window_paths_a,
          co_window_broadway_a, co_window_broadway_b,
          co_window_of_opportunity_b, co_window_unsneaky_path_c,
          co_window_unsneaky_path_b, co_window_broadway_b, co_window_2corner
D:5:      layout_loops_ring, vehumet_statue, minmay_misc_feat_doors
D:6:      layout_rooms, gammafunk_temple_overflow_elements,
          mainiacjoe_overflow_chevrons
D:7:      layout_loops_cross, mainiacjoe_overflow_24_doors,
          minmay_temple_entry_fiery, amcnicky_mini_rare_corridor_liquid,
          uniq_pikel
D:8:      layout_loops_ring
D:9:      layout_rooms, serial_corexii_hall, chequers_hall_statues_wall_a,
          corexii_hall_statues_u, chequers_hall_statues_y,
          corexii_hall_statues_l
D:10:     layout_rooms, david_lair_generic, serial_co_window_serial,
          co_window_paths_a, co_window_corner_a, co_window_corner_a,
          co_window_paths_b, co_window_corner_a, co_window_2corner,
          co_window_broadway_b, co_window_corner_b, co_window_paths_e,
          glass_columns_a, glass_columns_c
D:11:     kennysheep_spiral_hall, layout_long_grid, uniq_snorg
D:12:     minmay_elf_outpost, layout_basic, david_orc_5
D:13:     layout_small_grid, grunt_vaults_entry_tiered, gauntlet_entry_generic
Temple:   nicolae_temple_bog_church
Lair:1:   layout_misc_corridors, dreamdust_mushroom_princess, disabler_island
Lair:2:   layout_big_grid, dummy_snake_entry
Lair:3:   layout_regular_city, shoals_dummy_entry
Lair:4:   layout_cave_pods, pf_torpor_hydra, grunt_megastairs_3
Lair:5:   hangedman_lair_tendril_chambers, layout_regular_city, slime_entry_2,
          lemuel_fruit_fields
Orc:1:    layout_diamond_mine, minmay_orc_temple_b, uniq_jorgrun

Skill      XL: |  1  2  3  4  5  6  7  8  9 10 11 12 13 14 |
---------------+-------------------------------------------+-----
Hexes          | 1 2 3 5 7 9 10 | 10.0
Translocations | 1 2 3 4 5 7 8 9 10 | 10.0
Throwing       | 1 2 |  2.0
Stealth        | 3 5 7 8 9 |  9.0
Evocations     | 1 2 |  2.0
Dodging        | 3 5 6 |  6.0
Spellcasting   | 4 5 6 7 9 10 12 13 15 16 | 16.4
Conjurations   | 5 6 7 8 10 11 12 13 14 | 14.4
Shields        | 3 4 |  4.0
Fighting       | 1 2 3 5 |  5.8
Earth Magic    | 4 6 9 10 | 10.6
Ice Magic      | 3 |  3.0
Air Magic      | 4 |  4.3

Action                   |  1- 3 |  4- 6 |  7- 9 | 10-12 | 13-15 || total
-------------------------+-------+-------+-------+-------+-------++-------
Melee: Short sword       |    10 |     1 |    12 |       |       ||    23
       Dagger            |       |     1 |       |       |       ||     1
       Staff             |       |       |     2 |       |       ||     2
       Whip              |       |       |       |    10 |       ||    10
Throw: Dart              |       |     2 |       |       |       ||     2
 Cast: Magic Dart        |    62 |    80 |    62 |     7 |       ||   211
       Searing Ray       |     1 |    17 |    32 |     7 |       ||    57
       Fulminant Prism   |       |     4 |    40 |   134 |    32 ||   210
       Iskenderun's Myst |       |       |    15 |    68 |    71 ||   154
       Iron Shot         |       |       |       |    29 |   104 ||   133
       Freezing Cloud    |       |       |       |     9 |    63 ||    72
       Mephitic Cloud    |       |       |       |       |     1 ||     1
       Conjure Ball Ligh |       |       |       |       |     5 ||     5
       Lee's Rapid Decon |       |       |       |       |     2 ||     2
Evoke: Wand              |       |       |       |       |     2 ||     2
  Use: Potion            |     1 |       |     2 |     1 |     3 ||     7
       Scroll            |       |       |     1 |    21 |     5 ||    27
 Stab: Sleeping          |     1 |     2 |       |       |       ||     3
Armor: Robe              |     3 |       |     4 |     8 |       ||    15
Dodge: Dodged            |    28 |     4 |    35 |    37 |    14 ||   118
Block: Buckler           |       |       |       |    20 |     7 ||    27
